 Dungeon Crawl Stone Soup version 0.31-a0-152-g6aa68a64a1 (webtiles) character file.

Game seed: 11565816709945215815

5191 qw the Skirmisher (level 10, -6/64 HPs)
             Began as a Gargoyle Hunter on June 11, 2023.
             Was a Believer of Okawaru.
             Killed by mirror damage (9 damage)
             ... on level 8 of the Dungeon.
             The game lasted 00:03:47 (7352 turns).

qw the Skirmisher (Gargoyle Hunter)                 Turns: 7352, Time: 00:03:47

Health: -6/64      AC: 25    Str: 15    XL:     10   Next: 60%
Magic:  11/13      EV: 20    Int: 10    God:    Okawaru [**....]
Gold:   439        SH:  0    Dex: 17    Spells: 9/9 levels left

rFire   + . .        Y - +0 orcbow
rCold   . . .        (shield currently unavailable)
rNeg    + . .        p - +4 ring mail {rF+}
rPois   inf          i - +0 helmet
rElec   +            r - +0 cloak
rCorr   .            (no gloves)
SInv    .            (no boots)
Will    .....        (no amulet)
Stlth   +++          l - +5 ring of evasion
HPRegen 0.30/turn    g - +4 ring of protection
MPRegen 0.13/turn

%: no passive effects
@: heroic
A: sickness immunity, AC +7, negative energy resistance 1, electricity
resistance, torment resistance 1, petrification resistance
a: Renounce Religion, Heroism


You were on level 8 of the Dungeon.
You worshipped Okawaru.
Okawaru was pleased with you.
You visited 2 branches of the dungeon, and saw 9 of its levels.

You collected 553 gold pieces.
You spent 114 gold pieces at shops.


Innate Abilities, Weirdness & Mutations

You are immune to sickness and miasma.
Your stone body is resilient. (AC +7)
You are immune to poison.
You resist negative energy. (rN+)
You are resistant to electric shocks. (rElec)
You are resistant to unholy torment.
You are immune to petrification.


   Skills:
 - Level 8.3(13.3) Fighting
 + Level 12.5(17.5) Ranged Weapons
 - Level 4.1(9.1) Armour
 - Level 3.1(8.1) Dodging
 - Level 1.1(6.1) Stealth
 - Level 4.0 Invocations


You had 9 spell levels left.
You didn't know any spells.
Your spell library was empty.

Inventory:

Hand Weapons
 k - a +2 shortbow of flaming
 Y - a +0 orcbow (weapon)
Armour
 i - a +0 helmet (worn)
 j - a +1 robe of resistance
 p - a +4 ring mail of fire resistance (worn)
 r - a +0 cloak (worn)
Jewellery
 e - a ring of fire
 g - a +4 ring of protection (right hand)
 l - a +5 ring of evasion (left hand)
Wands
 h - a wand of digging (5)
Potions
 a - 2 potions of attraction
 b - 4 potions of might
 c - a potion of magic {unknown}
 d - a potion of cancellation
 f - a potion of curing {unknown}

Dungeon Overview and Level Annotations

Branches:
Dungeon (8/15)             Temple (1/1) D:5
   Lair: D:8-11

Altars:
Ashenzari
Cheibriados
Dithmenos
Elyvilon
Gozag
Hepliaklqana
Kikubaaqudgha
Nemelex Xobeh
Okawaru
Qazlal
Ru
Sif Muna
Trog
Uskayaw
Wu Jian
Xom
Yredelemnul
Zin
The Shining One

Shops:
D:3 (   D:5 (   D:6 (   D:8 :


Message History

HP restored.
You see here a vampire mosquito corpse.
A death knight is nearby!
Enter note: You shoot an arrow.
The death knight shouts!
The arrow hits the death knight but does no damage.
A death knight is nearby!
You shoot an arrow. The arrow hits the death knight.
The death knight is lightly wounded.
You shoot an arrow. The arrow hits the death knight!
The death knight is moderately wounded.
The death knight offers itself to Yredelemnul, and fills with unholy energy.
You shoot an arrow.
The arrow closely misses the death knight.
The death knight hits you with a +1 battleaxe!!
7346 ||| INVOKING Heroism.
You gain the combat prowess of a mighty hero.
The death knight barely misses you.
You shoot an arrow.
The arrow barely misses the death knight.
The death knight closely misses you.
You shoot an arrow.
The arrow closely misses the death knight.
The death knight barely misses you.
You shoot an arrow. The arrow hits the death knight!
The death knight is moderately wounded.
The death knight reflects your damage back at you!
You shoot an arrow.
The arrow hits the death knight but does no damage.
The death knight is moderately wounded.
The death knight hits you with a +1 battleaxe!
You shoot an arrow. The arrow hits the death knight!
The death knight is heavily wounded.
The death knight reflects your damage back at you!
The death knight hits you with a +1 battleaxe!
You shoot an arrow. The arrow hits the death knight!
The death knight is severely wounded.
The death knight reflects your damage back at you!
You die...

.##### #.............####..##
.# #.........#######..## .#
#.........####....## .#
##..............#### .#
#....#####...#### .#####
##...#.###.#..#
##...#####...#.#.#.#.#.#
.............##p#.#.##.#
.#...###..##.###@#.###.#
##:.>###.###.##.#.#.##.#####.
##.>.........#.#.#.#.#.......
##...###/##...#.###.#..##..#
##...# #.####..#####%.....#
##...# #.# ##.).......####
#...## #.# ##...##...## .....
..# #..#.###### ..... ###
#.##.#


You could see a death knight (reflects damage).

Vanquished Creatures
  A cyclops (D:7)
  A gargoyle (D:7)
  A yak (D:8)
  A steam dragon (D:7)
  2 vampire mosquitoes (D:8)
  A water moccasin (D:7)
  3 sky beasts (D:7)
  5 ice beasts
  2 ogres
  A wolf (D:6)
  A phantom (D:5)
  4 centaurs
  A kobold brigand (D:8)
  3 bullfrogs
  5 gnoll sergeants
  A scorpion (D:5)
  5 wights (D:8)
  4 killer bees (D:8)
  3 howler monkeys
  4 jellies
  5 hounds
  4 gnoll boudas
  2 orc priests
  A sleepcap (D:5)
  4 iguanas
  Natasha (twice) (D:2)
  4 orc wizards
  30 gnolls
  20 adders
  10 dart slugs
  21 orcs
  5 endoplasms
  A giant cockroach (D:4)
  15 goblins
  6 hobgoblins
  2 jackals (D:6)
  8 kobolds
  4 quokkas
  19 ball pythons
  5 bats
  7 frilled lizards
  A rat (D:1)
225 creatures vanquished.

Vanquished Creatures (others)
  An orc wizard (D:3)
1 creature vanquished.

Grand Total: 226 creatures vanquished

Notes
Turn   | Place    | Note
-------+----------+-------------------------------------------
     0 | D:1      | qw the Gargoyle Hunter began the quest for the Orb.
     0 | D:1      | Reached XP level 1. HP: 12/12 MP: 1/1
     0 | D:1      | 0 ||| qw: Version: 0.2-a-29-gdad1ea2
     0 | D:1      | 0 ||| qw: Game counter: 4050
     0 | D:1      | 0 ||| qw: Always use a shield: true
     0 | D:1      | 0 ||| qw: God list: Okawaru
     0 | D:1      | 0 ||| qw: Allow faded altars: false
     0 | D:1      | 0 ||| qw: Do Orc after D:15 true
     0 | D:1      | 0 ||| qw: Do second Lair branch before Depths: true
     0 | D:1      | 0 ||| qw: Lair rune preference: random
     0 | D:1      | 0 ||| qw: Plans: Normal, Zot:1-4, Slime:5, God:TSO, Crypt,
                  | Tomb, Abyss, Pan, Hells, Win
     0 | D:1      | 0 ||| PLANNING D:1-11
   236 | D:1      | Reached XP level 2. HP: 17/17 MP: 2/2
   569 | D:1      | Reached XP level 3. HP: 21/21 MP: 3/3
   783 | D:1      | Reached skill level 5 in Ranged Weapons
   784 | D:1      | 784 ||| UPGRADING to +0 helmet.
   789 | D:1      | 789 ||| READING 2 scrolls labelled JUEL GYCED.
   790 | D:1      | 790 ||| READING 2 scrolls labelled DINAGO RUOS QUTSAI.
   795 | D:1      | 795 ||| READING scroll labelled KINTOG ROUFRU.
   796 | D:1      | 796 ||| DROPPING scroll of fear.
   797 | D:1      | 797 ||| DROPPING scroll of butterflies.
   875 | D:2      | Identified the +3 falchion "Weanirur" {venom, rElec Dex+4
                  | Stlth+}
   933 | D:2      | Noticed Natasha
   941 | D:2      | Killed Natasha
   942 | D:2      | Reached skill level 3 in Fighting
   942 | D:2      | Reached XP level 4. HP: 19/28 MP: 4/4
  1361 | D:2      | Identified the +1 mace of Doom {flame, rF- rC++ Will+}
  1396 | D:2      | Noticed Natasha
  1401 | D:2      | Killed Natasha
  1489 | D:2      | 1489 ||| READING scroll labelled OCREPR YHOICH.
  1520 | D:3      | Reached XP level 5. HP: 32/32 MP: 5/5
  1708 | D:3      | Identified the +2 scale mail "Gurum" {Rampage Drain rElec
                  | rF-}
  1744 | D:3      | Found Wemiu's Antique Weapon Boutique.
  1755 | D:3      | 1755 ||| BUYING glowing shortbow (114 gold).
  1755 | D:3      | Bought a glowing shortbow for 114 gold pieces
  1755 | D:3      | 1755 ||| SWAPPING to +0 heavy shortbow.
  1756 | D:3      | 1756 ||| DROPPING +0 shortbow.
  1765 | D:3      | Reached skill level 6 in Ranged Weapons
  1770 | D:3      | Noticed an ice beast
  1776 | D:3      | HP: 4/32 [ice beast (11)]
  1777 | D:3      | 1777 ||| READING 2 scrolls of teleportation.
  1779 | D:3      | Killed an ice beast
  1780 | D:3      | Reached skill level 3 in Armour
  1780 | D:3      | Reached XP level 6. HP: 6/37 MP: 6/6
  2299 | D:3      | Found a snail-covered altar of Cheibriados.
  2626 | D:3      | 2626 ||| UPGRADING to +0 ring mail.
  2636 | D:3      | 2636 ||| DROPPING +0 leather armour.
  2637 | D:3      | 2637 ||| UPGRADING to +4 ring mail of fire resistance.
  2647 | D:3      | 2647 ||| DROPPING +0 ring mail.
  2648 | D:3      | 2648 ||| DROPPING +1 hat.
  2649 | D:3      | 2649 ||| UPGRADING to +0 cloak.
  2654 | D:3      | 2654 ||| UPGRADING to +4 ring of protection.
  2655 | D:3      | 2655 ||| READING scroll labelled ARUSUI MIKLUF.
  2683 | D:3      | 2683 ||| READING scroll labelled IRUUBA HOGEADU.
  2684 | D:3      | 2684 ||| READING scroll labelled ZIUTESUENA.
  2685 | D:3      | 2685 ||| DRINKING 2 dark potions.
  2686 | D:3      | 2686 ||| DRINKING 2 murky amethyst potions.
  2791 | D:3      | 2791 ||| DROPPING potion of enlightenment.
  2792 | D:3      | 2792 ||| DROPPING potion of berserk rage.
  2852 | D:4      | Found a glowing golden altar of the Shining One.
  2971 | D:4      | 2971 ||| Stepping ~*~*~tactically~*~*~ (outnumbered).
  2980 | D:4      | Reached XP level 7. HP: 35/43 MP: 7/7
  3127 | D:4      | Reached skill level 7 in Ranged Weapons
  3134 | D:4      | 3134 ||| DRINKING 2 sapphire potions.
  3135 | D:4      | 3135 ||| DROPPING potion of degeneration.
  3463 | D:4      | 3463 ||| DRINKING 2 red potions.
  3464 | D:4      | 3464 ||| DROPPING potion of brilliance.
  3492 | D:5      | Entered Level 5 of the Dungeon
  3493 | D:5      | 3493 ||| Stepping ~*~*~tactically~*~*~ (outnumbered).
  3495 | D:5      | 3495 ||| Stepping ~*~*~tactically~*~*~ (outnumbered).
  3497 | D:5      | 3497 ||| Stepping ~*~*~tactically~*~*~ (outnumbered).
  3508 | D:5      | 3508 ||| Stepping ~*~*~tactically~*~*~ (water).
  3514 | D:5      | Reached skill level 8 in Ranged Weapons
  3552 | D:5      | Reached XP level 8. HP: 48/48 MP: 8/8
  3693 | D:5      | Found Juhemm's Antique Weapon Boutique.
  3701 | D:5      | 3701 ||| SHOPLISTING runed longbow (228 gold, have 171).
  3757 | D:5      | Found a shadowy altar of Dithmenos.
  3866 | D:5      | Found a staircase to the Ecumenical Temple.
  3867 | D:5      | 3867 ||| PLANNING TEMPLE
  3867 | D:5      | 3867 ||| READING scroll labelled MOM HODOTAER.
  3868 | D:5      | 3868 ||| DRINKING 2 black potions.
  3869 | D:5      | 3869 ||| DRINKING 2 smoky emerald potions.
  3879 | Temple   | Entered the Ecumenical Temple
  3885 | Temple   | 3885 ||| PLANNING OKAWARU WORSHIP
  3939 | Temple   | Became a worshipper of Warmaster Okawaru
  3939 | Temple   | 3939 ||| PLANNING D:1-11
  4103 | D:5      | 4103 ||| UPGRADING to ring of willpower.
  4133 | D:6      | Noticed a hornet
  4135 | D:6      | 4135 ||| STAIRDANCE
  4141 | D:5      | Reached skill level 9 in Ranged Weapons
  4190 | D:6      | 4190 ||| STAIRDANCE
  4201 | D:5      | HP: 12/49 [orc/+0 dagger (3)]
  4202 | D:5      | 4202 ||| READING 5 scrolls of teleportation.
  4203 | D:5      | HP: 2/49 [hornet (5)]
  4378 | D:5      | 4378 ||| Stepping ~*~*~tactically~*~*~ (water).
  4384 | D:5      | HP: 12/49 [hornet (5)]
  4385 | D:5      | 4385 ||| READING 4 scrolls of teleportation.
  4663 | D:6      | 4663 ||| SWAPPING to +0 orcbow.
  4668 | D:6      | 4668 ||| DROPPING +0 heavy shortbow.
  4757 | D:6      | Reached skill level 6 in Fighting
  4803 | D:6      | Reached * piety under Okawaru
  4842 | D:6      | Reached skill level 1 in Invocations
  4872 | D:6      | 4872 ||| INVOKING Heroism.
  4873 | D:6      | 4873 ||| Stepping ~*~*~tactically~*~*~ (outnumbered).
  4881 | D:6      | Reached XP level 9. HP: 41/55 MP: 7/10
  4973 | D:6      | 4973 ||| INVOKING Heroism.
  5160 | D:6      | Reached skill level 3 in Invocations
  5463 | D:6      | Found a hide-covered altar of Uskayaw.
  5530 | D:6      | Found Tulyun's Weapon Emporium.
  5669 | D:6      | 5669 ||| INVOKING Heroism.
  5673 | D:6      | Reached skill level 10 in Ranged Weapons
  5688 | D:6      | 5688 ||| INVOKING Heroism.
  5752 | D:6      | 5752 ||| UPGRADING to +5 ring of evasion.
  5754 | D:6      | 5754 ||| UPGRADING to +4 ring of protection.
  5756 | D:6      | 5756 ||| DROPPING ring of willpower.
  5757 | D:6      | 5757 ||| READING scroll labelled VAM UVAESIHEDD.
  5758 | D:6      | 5758 ||| DRINKING 5 golden potions.
  5932 | D:7      | 5932 ||| INVOKING Heroism.
  5993 | D:7      | Noticed a cyclops
  5994 | D:7      | 5994 ||| INVOKING Heroism.
  6000 | D:7      | Killed a cyclops
  6001 | D:7      | Reached skill level 11 in Ranged Weapons
  6025 | D:7      | 6025 ||| INVOKING Heroism.
  6059 | D:7      | Reached skill level 3 in Dodging
  6075 | D:7      | Reached XP level 10. HP: 63/63 MP: 13/13
  6278 | D:7      | Noticed a gargoyle
  6295 | D:7      | 6295 ||| INVOKING Heroism.
  6300 | D:7      | Killed a gargoyle
  6300 | D:7      | Reached ** piety under Okawaru
  6584 | D:7      | 6584 ||| INVOKING Heroism.
  6600 | D:7      | 6600 ||| INVOKING Heroism.
  6725 | D:8      | Noticed a walking earthen tome
  6725 | D:8      | Found Xakkauw's Book Emporium.
  6729 | D:8      | Noticed a walking earthen tome
  6766 | D:8      | Noticed a death knight
  6779 | D:8      | 6779 ||| INVOKING Heroism.
  6784 | D:8      | HP: 16/64 [mirror damage (7)]
  6785 | D:8      | 6785 ||| READING 4 scrolls of teleportation.
  6789 | D:8      | HP: 1/64 [mirror damage (8)]
  6865 | D:8      | 6865 ||| INVOKING Heroism.
  6871 | D:8      | HP: 15/64 [yak (11)]
  6872 | D:8      | 6872 ||| READING 3 scrolls of teleportation.
  6902 | D:8      | 6902 ||| INVOKING Heroism.
  6905 | D:8      | HP: 12/64 [centaur/arrow (7)]
  6906 | D:8      | 6906 ||| READING 2 scrolls of teleportation.
  6909 | D:8      | Reached skill level 12 in Ranged Weapons
  6910 | D:8      | 6910 ||| READING scroll of teleportation.
  6965 | D:8      | 6965 ||| INVOKING Heroism.
  7346 | D:8      | 7346 ||| INVOKING Heroism.
  7351 | D:8      | HP: 3/64 [death knight/+1 battleaxe (14)]
  7352 | D:8      | Killed by mirror damage

Levels and vault maps discovered:
D:1:      minmay_arrival_four_loops, layout_basic
D:2:      layout_basic, kennysheep_generic_room_15, uniq_natasha
D:3:      layout_loops_ring, lemuel_round_altar, serial_shops, shop,
          minmay_snake_closets
D:4:      layout_rooms, tso_altar, nicolae_concentric_dashed_squares_mild,
          minmay_goblin_outpost
D:5:      kennysheep_slugbush, layout_basic, nicolae_dithmenos_the_darkroom,
          minmay_temple_entry_statues_fountains, serial_shops,
          nicolae_stop_n_shop_1
D:6:      layout_cave_pools, nicolae_uskayaw_murder_on_the_dancefloor,
          serial_gnoll_camp, gnoll_camp_mini_shop, gnoll_camp_mini_hut,
          gnoll_camp_mini_hut, gnoll_camp_mini_hut, gnoll_camp_huts_basic,
          gnoll_camp_mini_house, amcnicky_mini_pool_small, nicolae_half_adder
D:7:      layout_loops_ring, grunt_ministairs_15, minmay_manual_mail
D:8:      layout_rooms, mainiacjoe_overflow_alcove_1, erik_lair_orcish_takeover,
          serial_shops, nicolae_shop_mannequins, minmay_circle_x
Temple:   eino_wide_crystal_templ

Skill      XL: |  1  2  3  4  5  6  7  8  9 10 |
---------------+-------------------------------+-----
Ranged Weapons | 5 6 8 9 11 12 | 12.5
Fighting       | 3 4 6 7 8 |  8.3
Armour         | 3 4 |  4.1
Dodging        | 2 3 |  3.1
Invocations    | 2 4 |  4.0
Stealth        | |  1.1

Action                     |  1- 3 |  4- 6 |  7- 9 | 10-12 || total
---------------------------+-------+-------+-------+-------++-------
   Fire: Shortbow          |    91 |   164 |   174 |       ||   429
         Orcbow            |       |       |   308 |   242 ||   550
 Invoke: Heroism           |       |       |     7 |     8 ||    15
    Use: Scroll            |     3 |     5 |     4 |     4 ||    16
         Potion            |       |     2 |     5 |       ||     7
 Armour: Leather armour    |    14 |    45 |       |       ||    59
         Ring mail         |       |    43 |   232 |    67 ||   342
  Dodge: Dodged            |    24 |    93 |   216 |   168 ||   501

Table legend:
 A = Non-vault XP
 B = Vault XP
 C = Vault XP percentage of total XP
 D = Non-vault monster count
 E = Vault monster count
 F = Vault count percentage of total count
                 A         B        C        D         E       F
            +---------+---------+-------+---------+---------+-------
      Total |    4656 |    2760 |  37.2 |     154 |      72 |  31.9
            +---------+---------+-------+---------+---------+-------
        D:1 |      39 |       0 |   0.0 |      23 |       0 |   0.0
        D:2 |      56 |      51 |  47.7 |      13 |       3 |  18.8
        D:3 |     244 |      85 |  25.8 |      30 |      11 |  26.8
        D:4 |     481 |      17 |   3.4 |      19 |       9 |  32.1
        D:5 |     598 |      28 |   4.5 |      18 |       7 |  28.0
        D:6 |     665 |     907 |  57.7 |      12 |      31 |  72.1
        D:7 |    1322 |    1336 |  50.3 |      24 |       8 |  25.0
        D:8 |    1251 |     336 |  21.2 |      15 |       3 |  16.7
            +---------+---------+-------+---------+---------+-------
